 Dungeon Sprint DCSS version bcrawl-1.21.3-2-g9d8a61a446 (webtiles) character file.

Game seed: 18114412209182598705

44 funkygono the Destroyer (level 3, -2/21 HPs)
             Began as a Fairy Conjurer on Apr 12, 2020.
             Slain by a worker ant (6 damage)
             ... in the Dungeon (Sprint II: "The Violet Keep of Menkaure").
             The game lasted 00:00:26 (32 turns).

funkygono the Destroyer (Fairy Conjurer)              Turns: 32, Time: 00:00:27

Health: -2/21      AC:  4    Str:  6    XL:     3   Next: 62%
Magic:  7/10       EV: 17    Int: 19    God:
Gold:   0          SH:  4    Dex: 12    Spells: 9/10 levels left

rFire    . . .     SeeInvis .   (weapon restricted)
rCold    . . .     Gourm    .   (shield restricted)
rNeg     . . .     Faith    .   (armour unavailable)
rPois    .         Spirit   .   (no helmet)
rElec    .         Reflect  .   (no cloak)
rCorr    .         Harm     .   (no gloves)
MR       .....     NoTele   +   (no boots)
Stlth    +.........             (no amulet)
HPRegen  0.07/turn              (no ring)
MPRegen  0.12/turn              (no ring)

@: lethally poisoned (-2 -> -10), flying evasively
A: small, magic attunement, unstealthy, unfitting armour, able to fly, AC/SH +4
a: Stop Flying


You were in the Dungeon.
You were not hungry.

You visited 1 branch

Inventory:

Scrolls
 h - a scroll of blinking
Potions
 b - 3 potions of magic
 c - a potion of heal wounds
 f - a potion of haste
 g - a potion of berserk rage
Comestibles
 a - 3 chunks of flesh
 e - a ration {!d}


   Skills:
 + Level 4.0 Dodging
 + Level 2.0 Stealth
 + Level 4.3 Spellcasting
 + Level 8.2 Conjurations


You had 9 spell levels left.
You knew the following spells:

 Your Spells              Type           Power        Failure   Level  Hunger
a - Magic Dart            Conj           ####         1%          1    None

Your spell library contained the following spells:

 Spells                   Type           Power        Failure   Level  Hunger
 Searing Ray              Conj           #####...     1%          2    None
 Iskenderun's Mystic Bla  Conj           #####...     1%          3    None
 Fulminant Prism          Conj/Hex       ###.......   24%         4    None
 Irradiate                Conj/Tmut      ###.......   56%         5    None


Dungeon Overview and Level Annotations

Branches:
Dungeon (1/1)

Altars:


Innate Abilities, Weirdness & Mutations

Your spells do not cause hunger and MP costs are reduced by 1.
Your bright wings attract enemies. (Stealth-)
You cannot fit into any form of body armour.
Your shimmering scales are hard and can block incoming attacks. (AC +4, SH +4)
You are small and have problems with some larger weapons.
You can fly continuously.


Message History

* * * LOW HITPOINT WARNING * * *
You are lethally poisoned!
The worker ant poisons you!
There is an open door here.
* * * LOW HITPOINT WARNING * * *
You feel sick.
Casting: Magic Dart (safe; 1% risk of failure)
Confirm with . or Enter, or press ? or * to list all spells.
You don't know that spell.
Unknown command.
Casting: Magic Dart (safe; 1% risk of failure)
Confirm with . or Enter, or press ? or * to list all spells.
Aiming: Magic Dart (safe; 1% risk of failure)
Press: ? - help, Shift-Dir - straight line, f - worker ant
Aim: a worker ant The magic dart hits the worker ant.
The worker ant is lightly wounded.
* * * LOW HITPOINT WARNING * * *
You feel sick. The worker ant bites you.
You die...

## ##
##. .##
#..#..#
#a# #a#
##@##
+.<.+
##.##
#+#


You could see 2 worker ants.

Vanquished Creatures
  2 worker ants (D)
2 creatures vanquished.

Vanquished Creatures (others)
  A crocodile (D)
1 creature vanquished.

Grand Total: 3 creatures vanquished

Notes
Turn   | Place    | Note
-------+----------+-------------------------------------------
     0 | D        | funkygono the Fairy Conjurer began the quest for the Orb.
     0 | D        | Reached XP level 1. HP: 11/11 MP: 6/6
     1 | D        | Noticed a worker ant
     1 | D        | Noticed a worker ant
    17 | D        | Killed a worker ant
    17 | D        | Reached skill level 7 in Conjurations
    17 | D        | Reached XP level 2. HP: 3/17 MP: 6/8
    22 | D        | Reached skill level 8 in Conjurations
    22 | D        | Reached XP level 3. HP: 2/21 MP: 6/10
    23 | D        | HP: 1/21 [poisoned by a worker ant]
    32 | D        | Killed a crocodile
    32 | D        | Slain by a worker ant

Skill      XL: |  1  2 |
---------------+-------+-----
Dodging        | 3 4 |  4.0
Spellcasting   | 3 4 |  4.3
Conjurations   | 7 8 |  8.2
Stealth        | 2 |  2.0

Action                   || total
-------------------------++-------
 Cast: Magic Dart        ||    21
  Use: Potion            ||     1
Armor: Skin              ||     2
Dodge: Dodged            ||    17
Block: Other             ||     1
